Unix NetHack Version 5.0.0-0 post-release - last build May 23 2026 06:08:33 (1c0ff79ee797540d5714e4e18072db0edd9e58ae,branch:main).

Game began 2026-05-24 00:51:57, ended 2026-05-24 01:03:24.

ArrBianca, chaotic female orcish Wizard

                                                    ---------------
                                                 ###............<.|
                                 -------------  #%  |.............|
                                 |*.........*|######-.............|
                                 |.....*.....|##    ---------------
                                 |...-----%..|%#
                                 |...|.{......)#
                                 |..*|{.{|*..|#
                                 |...|.{.|...|#
                                 |...-----...|####
                                 |.....*.....|   ##############
                                 |*.........*|     -----------.--
                                 -------------     |.......)))).|
                                                   |...G.%)@^.F.|
                                                   .............|
                                                   --------------

ArrBianca the Conjurer    St:11 Dx:16 Co:13 In:16 Wi:11 Ch:10  Chaotic
Dlvl:5  $:6  HP:0(24) Pw:38(38) AC:6  Xp:4 T:1682 

Latest messages:
 You kill the jackal!
 In what direction? h
 In what direction? h
 The gnome lord picks up 2 darts.
 y - 4 darts (at the ready) (51 in total).
 There are several more objects here.
 The gnome lord shoots 3 crossbow bolts!
 You are hit by the 1st crossbow bolt.
 You are hit by the 2nd crossbow bolt.
 You are hit by the 3rd crossbow bolt!
 In what direction? h
 The dart hits the gnome lord.
 In what direction? h
 The dart misses the floating eye.
 In what direction? h
 The dart misses the floating eye.
 In what direction? h
 The dart hits the floating eye.
 In what direction? h
 The dart misses the floating eye.
 In what direction? h
 The dart misses the floating eye.
 In what direction? h
 The dart hits the floating eye.
 The gnome lord picks up 5 darts.
 In what direction? h
 The dart misses the floating eye.
 In what direction? h
 The dart hits the floating eye.
 In what direction? h
 The dart hits the floating eye.
 In what direction? h
 The dart hits the floating eye.
 The gnome lord shoots 2 crossbow bolts!
 You are hit by the 1st crossbow bolt.
 You are hit by the 2nd crossbow bolt.
 You find a rust trap.
 In what direction? h
 The dart hits the floating eye.
 The gnome lord picks up 3 darts.
 In what direction? h
 The dart hits the floating eye.
 The gnome lord shoots 3 crossbow bolts!
 The 1st crossbow bolt hits the floating eye!
 The floating eye is killed!
 You are hit by the 2nd crossbow bolt!
 Wizard, your life force is running out.
 You are hit by the 3rd crossbow bolt!
 You die...
 Do you want your possessions identified? [ynq] (y) q

Inventory:
 Coins    ('$')
  $ - 6 gold pieces
 Weapons  (')')
  A - a blessed +0 dart
  y - 38 +0 darts (at the ready)
  a - a blessed +1 quarterstaff (weapon in hands)
 Armor    ('[')
  b - an uncursed +0 cloak of magic resistance (being worn)
  F - an uncursed +0 studded leather armor (being worn)
 Comestibles  ('%')
  E - an uncursed food ration
 Scrolls  ('?')
  i - an uncursed scroll of identify
  j - an uncursed scroll of light
 Spellbooks  ('+')
  k - a blessed spellbook of force bolt
  l - an uncursed spellbook of knock
 Potions  ('!')
  g - an uncursed potion of blindness
  B - a cursed potion of blindness
  h - an uncursed potion of paralysis
  f - an uncursed potion of see invisible
 Rings    ('=')
  e - an uncursed ring of cold resistance
  d - an uncursed ring of searching (on left hand)
  v - an uncursed ring of teleport control
 Wands    ('/')
  I - a wand of opening (0:5)
  c - a wand of undead turning (0:8)
 Tools    ('(')
  p - a bag of tricks (0:19)
  z - a cursed lock pick
  m - a magic marker (0:19)
 Gems/Stones  ('*')
  w - an uncursed jet stone
  x - 2 uncursed worthless pieces of orange glass

ArrBianca the Wizard's attributes:

Background:
 You were a Conjurer, a level 4 female orcish Wizard.
 You were chaotic, nominally on a mission for Anhur
 who was opposed by Ptah (lawful) and Thoth (neutral).
 You were right-handed.
 You were in the Dungeons of Doom, on level 5.
 You entered the dungeon 1682 turns ago.
 It was nighttime.
 You had 120 experience points, 40 more were needed to attain level 5.

Basics:
 You had 0 out of 24 hit points.
 You had all 38 energy points (spell power).
 Your armor class was 6.
 Your wallet contained 6 zorkmids.
 Autopickup was on for '$?!/="+%' plus thrown, with exceptions.

Final Characteristics:
 Your strength was 11 (limit:18/50).
 Your dexterity was 16 (limit:18).
 Your constitution was 13 (limit:18).
 Your intelligence was 16 (limit:16).
 Your wisdom was 11 (limit:16).
 Your charisma was 10 (limit:16).

Final Status:
 You weren't hungry.
 You were unencumbered.
 You were wielding a quarterstaff.
 You had basic skill with quarterstaff.

Final Attributes:
 You were devoutly aligned.
 You were magic-protected.
 You were poison resistant.
 You had automatic searching.
 You had infravision.
 You were warded.
 You are dead.

Miscellaneous:
 You didn't encounter any bones levels.
 Total elapsed playing time was 11 minutes and 27 seconds.

Major events:
 Turn
    1: ArrBianca the chaotic female orcish Wizard entered the dungeon
  958: attained the rank of Conjurer (level 3)
 1682: killed by a crossbow bolt

Spells:
 Name                 Level Category     Fail Retention
 force bolt             1   attack         0%  91%-100%
 knock                  1   matter         0%  76%-100%

Skills:
 Fighting Skills
   bare handed combat [Unskilled]
   riding             [Unskilled]
 Weapon Skills
   dagger             [Unskilled]
   knife              [Unskilled]
   axe                [Unskilled]
   short sword        [Unskilled]
   club               [Unskilled]
   mace               [Unskilled]
   quarterstaff       [Basic]
   polearms           [Unskilled]
   spear              [Unskilled]
   trident            [Unskilled]
   sling              [Unskilled]
   dart               [Unskilled]
   shuriken           [Unskilled]
 Spellcasting Skills
   attack spells      [Basic]
   healing spells     [Unskilled]
   divination spells  [Unskilled]
   enchantment spells [Basic]
   clerical spells    [Unskilled]
   escape spells      [Unskilled]
   matter spells      [Unskilled]

Voluntary challenges:
 Character rerolling was not enabled.
 You were an atheist.
 You never had a pet.
 You never genocided any monsters.
 You never polymorphed an object.
 You never changed form.
 You used no wishes.
Achievements:
 You entered a shop.
 You attained the rank of Conjurer.

 The Dungeons of Doom: levels 1 to 5
    Level 1:
       A fountain.
    Level 2:
       A fountain.
    Level 3:
       A fountain.
    Level 4:
       A potion shop.
    Level 5: <- You were here.
       Many fountains.
       Oracle of Delphi.
       Final resting place for
          you, killed by a crossbow bolt.


Vanquished creatures:
  a small mimic
  a floating eye
  a dwarf
  2 rothes
  a monkey
  a wererat
  a hobbit
  5 manes
  2 giant rats
  a gecko
  3 jackals
  3 foxes
  4 grid bugs
  a kobold zombie
  3 newts
30 creatures vanquished.

No species were genocided or became extinct.

Game over:
                       ----------
                      /          \
                     /    REST    \
                    /      IN      \
                   /     PEACE      \
                  /                  \
                  |    ArrBianca     |
                  |       6 Au       |
                  |   killed by a    |
                  |  crossbow bolt   |
                  |                  |
                  |                  |
                  |       2026       |
                 *|     *  *  *      | *
        _________)/\\_//(\/(/\)/\//\/|_)_______

Goodbye ArrBianca the Wizard...

You died in The Dungeons of Doom on dungeon level 5 with 726 points,
and 6 pieces of gold, after 1682 moves.
You were level 4 with a maximum of 24 hit points when you died.

